 Seeded DCSS version 0.29.1-13-g9f3cf754e1 (webtiles) character file.

Game seed: 20230120 (custom seed)

840 stormannn the Basher (level 8, -2/46 HPs)
             Began as a Gargoyle Fighter on Jan 20, 2023.
             Was an Initiate of Okawaru.
             Slain by a gnoll
             ... wielding a +0 halberd
             ... led by a gnoll bouda
              (4 damage)
             ... on level 5 of the Dungeon.
             The game lasted 00:07:27 (4394 turns).

stormannn the Basher (Gargoyle Fighter)             Turns: 4394, Time: 00:07:28

Health: -2/46      AC: 14    Str: 21    XL:     8   Next: 0%
Magic:  8/8        EV:  9    Int: 10    God:    Okawaru [......]
Gold:   183        SH:  4    Dex:  9    Spells: 7/7 levels left

rFire   . . .      SeeInvis .   a - +0 flail (flame)
rCold   + . .      Faith    .   c - +0 buckler
rNeg    + . .      Spirit   .   b - +1 scale mail
rPois   ∞          Reflect  .   q - +0 helmet
rElec   +          Harm     .   (no cloak)
rCorr   .          Rampage  .   (no gloves)
Will    .....                   (no boots)
Stlth   ..........              (no amulet)
HPRegen 0.15/turn               g - ring of protection from cold
MPRegen 0.11/turn               (no ring)

@: no status effects
A: sickness immunity, AC +5, negative energy resistance 1, electricity
resistance, torment resistance 1, petrification resistance
a: Renounce Religion


You were on level 5 of the Dungeon.
You worshipped Okawaru.
Okawaru was noncommittal.
You visited 1 branch of the dungeon, and saw 5 of its levels.

You collected 183 gold pieces.

Inventory:

Hand Weapons
 a - a +0 flail of flaming (weapon)
 u - a +3 spear
Missiles
 s - 2 throwing nets (quivered)
Armour
 b - a +1 scale mail (worn)
 c - a +0 buckler (worn)
 q - a +0 helmet (worn)
Jewellery
 f - a ring of ice
 g - a ring of protection from cold (left hand)
Wands
 l - a wand of flame (35)
Scrolls
 e - 2 scrolls of teleportation
 i - a scroll of poison
 p - 2 scrolls of summoning
 r - a scroll of enchant armour
 t - a scroll of amnesia
Potions
 d - a potion of might
 h - a potion of degeneration
 j - a potion of berserk rage
 k - a potion of ambrosia {unknown}
 m - 2 potions of mutation {unknown}
 n - a potion of heal wounds {unknown}
 o - a potion of flight {unknown}


   Skills:
 - Level 3.2 Fighting
 * Level 9.0 Maces & Flails
 - Level 3.2 Armour
 - Level 3.2 Shields


You had 7 spell levels left.
You didn't know any spells.
Your spell library contained the following spells:

 Spells                   Type           Power      Damage    Failure   Level
 Foxfire                  Conj/Fire      0%         2x1d4     80%         1
 Conjure Flame            Conj/Fire      0%         6-21      99%         3
 Inner Flame              Hex/Fire       0%         N/A       99%         3
 Flame Wave               Conj/Fire      0%         2d4       100%        4
 Passage of Golubria      Tloc           0%         N/A       100%        4
 Silence                  Hex/Air        0%         N/A       100%        5
 Lehudib's Crystal Spear  Conj/Erth      0%         10d2      100%        8


Dungeon Overview and Level Annotations

Branches:
Dungeon (5/15)
 Temple: D:4-7

Altars:
Nemelex Xobeh
Okawaru


Innate Abilities, Weirdness & Mutations

You are immune to sickness and miasma.
Your stone body is resilient. (AC +5)
You are immune to poison.
You resist negative energy. (rN+)
You are resistant to electric shocks. (rElec)
You are resistant to unholy torment.
You are immune to petrification.


Message History

The gnoll bouda hits you but does no damage.
You hear a shout!
You hit the gnoll bouda. You burn the gnoll bouda.
The gnoll bouda is severely wounded.
The gnoll hits you from afar with a +0 halberd!
The gnoll bouda hits you with a +0 whip.
You hit the gnoll bouda. You burn the gnoll bouda.
The gnoll bouda is almost dead.
The gnoll hits you but does no damage.
You hit the gnoll bouda but do no damage.
The gnoll bouda is almost dead.
The gnoll hits you from afar with a +0 halberd!
You block the gnoll bouda's attack.
You are too injured to fight recklessly!
You are too injured to fight recklessly!
You hit the gnoll bouda. You burn the gnoll bouda.
You kill the gnoll bouda!
Okawaru accepts your kill.
The gnoll is no longer moving quickly.
The gnoll barely misses you.
Your Maces & Flails skill increases to level 9!
You have reached level 8!
You feel clever.
An iguana and 2 gnolls come into view.
A gnoll is wielding a +0 whip of venom.
The gnoll shouts! x2
The gnoll hits you with a +0 halberd!
* * * LOW HITPOINT WARNING * * *
The gnoll hits you with a +0 whip of venom.
* * * LOW HITPOINT WARNING * * *
You hit the gnoll. You burn the gnoll.
The gnoll is lightly wounded.
You block the gnoll's attack. The gnoll hits you with a +0 halberd.
* * * LOW HITPOINT WARNING * * *
The gnoll hits you but does no damage.
You barely miss the gnoll.
The gnoll is lightly wounded.
The gnoll is no longer moving quickly.
The gnoll hits you from afar with a +0 spear.
* * * LOW HITPOINT WARNING * * *
The gnoll hits you with a +0 halberd.
You die...

#...........###♣
#..........##
###.........#
####..##.####
####.....####
##........#
#......#...#
##..).#.#......
#...@###........
#...ggg....##..#
#>.......l...#
#..
##..(...#.....#
..
##.#####.......
## ...... ...
#..


You could see an iguana and 3 gnolls.

Vanquished Creatures
  An ice beast (D:5)
  2 black bears (D:4)
  A phantom (D:5)
  Blork the orc (D:4)
  3 scorpions (D:5)
  A howler monkey (D:4)
  A hound (D:2)
  A gnoll bouda (D:5)
  Robin (D:2)
  2 gnolls (D:5)
  5 adders
  3 dart slugs
  5 orcs (D:3)
  5 endoplasms
  6 giant cockroaches
  11 goblins
  8 hobgoblins
  3 jackals (D:1)
  3 quokkas
  10 ball pythons
  4 bats
  3 frilled lizards
  13 kobolds
  5 rats
98 creatures vanquished.

Notes
Turn   | Place    | Note
-------+----------+-------------------------------------------
     0 | D:1      | stormannn the Gargoyle Fighter began the quest for the Orb.
     0 | D:1      | Reached XP level 1. HP: 14/14 MP: 1/1
    67 | D:1      | Reached XP level 2. HP: 2/19 MP: 2/2
   550 | D:1      | Reached skill level 3 in Maces & Flails
   606 | D:1      | Found a faded altar of an unknown god.
  1096 | D:2      | Reached XP level 3. HP: 20/23 MP: 3/3
  1469 | D:2      | Noticed Robin
  1480 | D:2      | Reached skill level 4 in Maces & Flails
  1484 | D:2      | Killed Robin
  1485 | D:2      | Reached XP level 4. HP: 20/28 MP: 4/4
  1639 | D:2      | Identified the +2 robe "Jatwef" {Rampage *Corrode Dex+2}
  2227 | D:2      | Reached skill level 5 in Maces & Flails
  2353 | D:3      | Reached XP level 5. HP: 29/32 MP: 5/5
  3026 | D:4      | Noticed a black bear
  3036 | D:4      | Killed a black bear
  3037 | D:4      | Reached skill level 6 in Maces & Flails
  3037 | D:4      | Reached XP level 6. HP: 32/37 MP: 6/6
  3079 | D:4      | Noticed Blork the orc
  3084 | D:4      | Killed Blork the orc
  3353 | D:4      | Identified the +1 robe of Otoned {Will+}
  3553 | D:4      | Found a sparkling altar of Nemelex Xobeh.
  3760 | D:5      | Entered Level 5 of the Dungeon
  3760 | D:5      | Noticed a black bear
  3776 | D:4      | Killed a black bear
  3777 | D:4      | Reached skill level 7 in Maces & Flails
  3777 | D:4      | Reached XP level 7. HP: 36/41 MP: 7/7
  3847 | D:5      | Reached skill level 8 in Maces & Flails
  3931 | D:5      | Found an iron altar of Okawaru.
  3975 | D:5      | Became a worshipper of Warmaster Okawaru
  4392 | D:5      | Reached skill level 9 in Maces & Flails
  4392 | D:5      | Reached XP level 8. HP: 20/46 MP: 8/8
  4394 | D:5      | HP: 2/46 [gnoll/+0 spear[a gnoll bouda] (4)]
  4394 | D:5      | Slain by a gnoll

Illustrated notes

Levels and vault maps discovered:
D:1:      psy_arrival_conway, layout_basic,
          shapermc_ecumenical_altar_mp_ritualfount
D:2:      minmay_door_path, layout_rooms, grunt_ministairs_12, uniq_robin
D:3:      kb_forest_paths, layout_loops_cross
D:4:      layout_loops_ring, lemuel_doored_altar, nrook_mini_backslash,
          uniq_blork_the_orc
D:5:      layout_cave_pools, mainiacjoe_overflow_paths, elyvilon_altar_3,
          minmay_temple_entry_junction

Skill      XL: |  1  2  3  4  5  6  7 |
---------------+----------------------+-----
Maces & Flails | 3 4 5 6 7 9 |  9.0
Fighting       | |  3.2
Armour         | |  3.2
Shields        | |  3.2

Action                   |  1- 3 |  4- 6 |  7- 9 || total
-------------------------+-------+-------+-------++-------
Melee: Flail             |   123 |   182 |    52 ||   357
Evoke: Wand              |       |     1 |       ||     1
  Use: Scroll            |     3 |     7 |     1 ||    11
Armor: Scale mail        |    80 |   109 |    27 ||   216
Dodge: Dodged            |    77 |    76 |    20 ||   173
Block: Buckler           |    32 |    26 |     6 ||    64
